 Dungeon Crawl Stone Soup version 0.31-a0-662-g684573625c (webtiles) character file.

Game seed: 6633303714379457027

1008 rjrrt the Cleaver (level 8, -6/58 HPs)
             Began as a Demonspawn Berserker on Sept 1, 2023.
             Was a Believer of Trog.
             Mangled by a gnoll
             ... wielding a +0 spear
              (7 damage)
             ... on level 6 of the Dungeon.
             The game lasted 00:11:11 (5122 turns).

rjrrt the Cleaver (Demonspawn Berserker)            Turns: 5122, Time: 00:11:12

Health: -6/58      AC:  3    Str: 17    XL:     8   Next: 1%
Magic:  8/8        EV: 12    Int:  8    God:    Trog [**....]
Gold:   246        SH:  0    Dex: 13    Spells: 7/7 levels left

rFire   . . .        a - +0 hand axe
rCold   . . .        (no shield)
rNeg    . . .        g - +1 robe of Discretion {rPois Will++ rCorr Str-3 SInv}
rPois   +            (helmet restricted)
rElec   .            (no cloak)
rCorr   +            (no gloves)
SInv    +            (no boots)
Will    ++...        c - amulet of faith
Stlth   +            (no ring)
HPRegen 0.29/turn    (no ring)
MPRegen 0.11/turn

%: faith
@: about to teleport, on berserk cooldown, slowed, very slow
A: antennae 1, foul stench 1, powered by pain 1
a: Renounce Religion, Berserk, Trog's Hand


You were on level 6 of the Dungeon.
You worshipped Trog.
Trog was pleased with you.
You visited 1 branch of the dungeon, and saw 6 of its levels.

You collected 246 gold pieces.

Inventory:

Hand Weapons
 a - a +0 hand axe (weapon)
 n - a +0 trident
Armour
 d - a +0 ring mail
 g - the +1 robe of Discretion (worn) {rPois Will++ rCorr Str-3 SInv}
   (You found it on level 5 of the Dungeon)

   Str-3:     It affects your strength (-3).
   rPois:     It protects you from poison Will++: It greatly increases your
   willpower.
   SInv:      It lets you see invisible.
   rCorr:     It protects you from acid and corrosion.
 l - a +2 helmet
Jewellery
 c - an amulet of faith (around neck)
Wands
 q - a wand of polymorph (8)
Scrolls
 b - a scroll of immolation
 e - 2 scrolls of teleportation
 i - a scroll of revelation
Potions
 f - 2 potions of lignification
 h - a potion of magic {unknown}
 k - 2 potions of might
 o - 2 potions of haste
 p - a potion of curing


   Skills:
 - Level 3.0 Fighting
 + Level 9.0 Axes
 - Level 1.7 Armour
 - Level 1.7 Dodging


You had 7 spell levels left.
You didn't know any spells.
Your spell library was empty.

Dungeon Overview and Level Annotations

Branches:
Dungeon (6/15)             Temple (0/1) D:4

Altars:
Fedhas
Nemelex Xobeh
Wu Jian
Xom


Innate Abilities, Weirdness & Mutations

You have a pair of small antennae on your head.
You may rarely emit foul miasma when damaged in melee.
You sometimes gain a little power by taking damage.


Message History

The gnoll hits you from afar with a +0 spear.
The scorpion misses you. The gnoll hits you with a +0 club.
The gnoll closely misses you.
Unknown command.
Unknown command.
You hit the gnoll.
The gnoll is moderately wounded.
You hit the scorpion but do no damage. The scorpion stings you.
The gnoll hits you with a +0 club.
The gnoll hits you from afar with a +0 spear.
The scorpion misses you.
Unknown command.
Unknown command.
As you read the scroll of teleportation, it crumbles to dust.
You feel strangely unstable. The scorpion stings you.
* * * LOW HITPOINT WARNING * * *
The gnoll completely misses you. The gnoll closely misses you.
The scorpion stings you.
* * * LOW HITPOINT WARNING * * *
The gnoll hits you with a +0 club.
* * * LOW HITPOINT WARNING * * *
You hit the scorpion.
The scorpion is heavily wounded.
You hit the gnoll. The gnoll closely misses you.
The scorpion stings you but does no damage.
The gnoll hits you with a +0 club.
* * * LOW HITPOINT WARNING * * *
The gnoll hits you from afar with a +0 spear.
* * * LOW HITPOINT WARNING * * *
Unknown command.
Okay, then.
Unknown command.
Unknown command.
You closely miss the scorpion.
The scorpion is heavily wounded.
You hit the gnoll. The scorpion barely misses you.
The gnoll hits you with a +0 club.
* * * LOW HITPOINT WARNING * * *
The gnoll hits you from afar with a +0 spear!
You die...

#+#####.##
#..#.....#
#...##..#
###.##..###
##.##....#
#...#.##.#
#g#)#g##.##
#..g#.#...####.#
###@#...........
#s###...######
#.# ##g## #.#
#.#
#.####.#######
#............#
#.#..g###.##.#
#...⌠.## #
#####.....#


You could see a scorpion and 2 gnolls.

Vanquished Creatures
  Duvessa (D:4)
  2 ice beasts
  Dowan (D:4)
  4 crimson imps (D:4)
  A hound (D:5)
  An orc priest (D:4)
  A sleepcap (D:6)
  3 iguanas
  4 orc wizards
  6 adders
  12 gnolls
  3 worms
  2 dart slugs
  7 orcs
  6 ball pythons
  5 bats
  9 endoplasms
  2 giant cockroaches
  2 goblins
  9 hobgoblins
  11 jackals
  5 kobolds
  4 quokkas
  2 frilled lizards (D:1)
  5 rats
108 creatures vanquished.

Notes
Turn   | Place    | Note
-------+----------+-------------------------------------------
     0 | D:1      | rjrrt the Demonspawn Berserker began the quest for the Orb.
     0 | D:1      | Reached XP level 1. HP: 18/18 MP: 1/1
    90 | D:1      | Found a faded altar of an unknown god.
   134 | D:1      | Reached skill level 3 in Axes
   203 | D:1      | Gained mutation: You may rarely emit foul miasma when
                  | damaged in melee. [demonic ancestry]
   203 | D:1      | Reached XP level 2. HP: 20/24 MP: 2/2
   969 | D:2      | Found an ornate altar of the Wu Jian Council.
  1021 | D:2      | Gained mutation: You sometimes gain a little power by
                  | taking damage. [demonic ancestry]
  1021 | D:2      | Reached XP level 3. HP: 20/29 MP: 3/3
  1237 | D:2      | Reached skill level 4 in Axes
  1342 | D:2      | Reached ** piety under Trog
  1673 | D:2      | Reached XP level 4. HP: 31/35 MP: 4/4
  2401 | D:3      | Noticed an ice beast
  2410 | D:3      | Killed an ice beast
  2411 | D:3      | Reached skill level 5 in Axes
  2411 | D:3      | Reached XP level 5. HP: 32/41 MP: 5/5
  2957 | D:4      | Reached skill level 6 in Axes
  3011 | D:4      | Noticed an ice beast
  3034 | D:4      | Killed an ice beast
  3035 | D:4      | Reached XP level 6. HP: 47/47 MP: 6/6
  3376 | D:4      | Found a shimmering altar of Xom.
  3426 | D:4      | Reached skill level 7 in Axes
  3466 | D:4      | Reached XP level 7. HP: 52/52 MP: 7/7
  3804 | D:4      | Found a staircase to the Ecumenical Temple.
  3836 | D:4      | Found a blossoming altar of Fedhas.
  3901 | D:4      | Noticed Duvessa
  3901 | D:4      | Noticed Dowan
  3914 | D:4      | Killed Duvessa
  3915 | D:4      | Reached skill level 8 in Axes
  3919 | D:4      | Killed Dowan
  3976 | D:4      | Found a sparkling altar of Nemelex Xobeh.
  4131 | D:5      | Entered Level 5 of the Dungeon
  4242 | D:5      | Identified the +1 robe of Discretion {rPois Will++ rCorr
                  | Str-3 SInv}
  5113 | D:6      | Gained mutation: You have a pair of small antennae on your
                  | head. [demonic ancestry]
  5113 | D:6      | Reached XP level 8. HP: 18/58 MP: 8/8
  5114 | D:6      | Reached skill level 9 in Axes
  5122 | D:6      | HP: 1/58 [gnoll/+0 club (4)]
  5122 | D:6      | Mangled by a gnoll

Illustrated notes

Levels and vault maps discovered:
D:1:      reono_arrival_forest_river, layout_loops_ring,
          nicolae_ecumenical_lake_church
D:2:      layout_basic, basic_altar
D:3:      layout_basic, kennysheep_potato
D:4:      layout_basic, fedhas_altar_2, led_xom_imps,
          nemelex_diamond_rough_becter, temple_pool_b, uniq_duvessa
D:5:      layout_gridville
D:6:      layout_loops_ring, nicolae_ru_sacrificial_ziggurat,
          grunt_ministairs_4, nrook_uturn, nicolae_specific_store,
          kennysheep_another_room, kennysheep_generic_room_10, uniq_menkaure,
          uniq_blork_the_orc, uniq_pikel

Skill      XL: |  1  2  3  4  5  6  7  8 |
---------------+-------------------------+-----
Axes           | 3 4 5 6 7 8 9 |  9.0
Fighting       | |  3.0
Armour         | |  1.7
Dodging        | |  1.7

Action                     |  1- 3 |  4- 6 |  7- 9 || total
---------------------------+-------+-------+-------++-------
  Melee: Hand axe          |   147 |   175 |   131 ||   453
         Punch             |     2 |     1 |       ||     3
 Invoke: Berserk           |       |     6 |     6 ||    12
    Use: Scroll            |       |    12 |     3 ||    15
         Potion            |       |       |     1 ||     1
 Armour: Ring mail         |    72 |   102 |    23 ||   197
         Robe              |       |       |    57 ||    57
  Dodge: Dodged            |    85 |    97 |    80 ||   262

Table legend: (Time is in decaauts)
 A = Elapsed time spent in this place.
 B = Non-inter-level travel time spent in this place.
 C = Inter-level travel time spent in this place.
 D = Time resting spent in this place.
 E = Time spent auto-exploring this place.
 F = Levels seen in this place.
 G = Mean time per level.
                   A        B        C        D        E       F      G
               +--------+--------+--------+--------+--------+-----+--------+
         Total |   5230 |   5064 |    166 |    534 |   3285 |   6 |  871.7 |
       Dungeon |   5230 |   5064 |    166 |    534 |   3285 |   6 |  871.7 |
               +--------+--------+--------+--------+--------+-----+--------+

Top non-repeatable levels by time:
     D:4: 1220 daAuts
     D:3: 1113 daAuts
     D:2: 968 daAuts
     D:1: 957 daAuts
     D:5: 877 daAuts
     D:6: 92 daAuts
